[Event "Titled Tuesday Blitz November 29 Early 2022"]
[White "Gorodetzky, David"]
[Black "Tokhirjonova, Gulrukhbegim"]
[WhiteFideId "2813416"]
[BlackFideId "14203626"]
[WhiteElo "2497"]
[BlackElo "2236"]
[Result "1-0"]
[Round "02"]
[TimeControl "180+1"]
[Date "2022.11.30"]
[WhiteClock "0:00:16"]
[BlackClock "0:00:21"]

1. e4 e5 2. Nf3 Nc6 3. Bc4 Nf6 4. d3 Bc5 5. c3 O-O 6. O-O d5 7. exd5 Nxd5 8. Re1 Re8 9. d4 Bb6 10. dxe5 Be6 11. Ng5 Qd7 12. Nxe6 fxe6 13. Nd2 Rf8 14. Nf3 Rf7 15. Bxd5 Qxd5 16. Qxd5 exd5 17. e6 Rf5 18. Be3 Re8 19. Bxb6 axb6 20. Rad1 Ne7 21. Nd4 Rf6 22. Nb5 c6 23. Nd6 Rb8 24. c4 dxc4 25. Nxc4 Nd5 26. Re4 Re8 27. Rde1 Re7 28. g3 Nc7 29. Nxb6 Rfxe6 30. Rxe6 Rxe6 31. Rd1 c5 32. Rd8+ Kf7 33. Nc8 Kf6 34. Rd7 Nb5 35. Rxb7 Nd4 36. b4 Nf3+ 37. Kg2 Ne1+ 38. Kf1 cxb4 39. Rxb4 Nd3 40. Rd4 Re1+ 41. Kg2 Nc1 42. a4 Ne2 43. Re4 Rg1+ 44. Kf3 Nc3 45. Rc4 Nd5 46. Nb6 Ra1 47. Nxd5+ 1-0


[Site "https://www.chess.com"]

[Event "Titled Tuesday Blitz November 29 Early 2022"]
[White "Grandelius, Nils"]
[Black "Manelyuk, Daniil"]
[WhiteFideId "1710400"]
[BlackFideId "44173920"]
[WhiteElo "2617"]
[BlackElo "2209"]
[Result "1-0"]
[Round "02"]
[TimeControl "180+1"]
[Date "2022.11.30"]
[WhiteClock "0:00:16"]
[BlackClock "0:00:02"]

1. g3 c5 2. c4 Nc6 3. Bg2 g6 4. Nc3 Bg7 5. Nf3 e5 6. d3 Nge7 7. h4 h5 8. Ng5 d6 9. Nge4 O-O 10. Nb5 Nf5 11. Bg5 f6 12. Bd2 a6 13. Nbc3 Nfd4 14. Nd5 Be6 15. e3 Nf5 16. g4 hxg4 17. Qxg4 Bxd5 18. cxd5 Nce7 19. h5 g5 20. O-O-O Bh6 21. Qf3 Nh4 22. Rxh4 gxh4 23. Qg4+ Kh8 24. Qe6 Nc8 25. Rh1 Qe8 26. Bh3 Qxe6 27. Bxe6 f5 28. Nc3 Ne7 29. Rxh4 b5 30. Ne2 Kh7 31. Rh2 Bg5 32. Ng1 Ng8 33. Nf3 Be7 34. Rh3 Nh6 35. e4 fxe4 36. dxe4 Rf6 37. Kd1 Raf8 38. Ke2 Rxe6 39. dxe6 Ng4 40. h6 Rg8 41. Rg3 Rg6 42. Ng5+ Bxg5 43. Rxg4 Be7 44. Rxg6 Kxg6 45. f4 exf4 46. Bxf4 Kf6 47. e5+ dxe5 48. Bxe5+ Kg6 49. Bg7 Bg5 50. Kd3 Be7 51. b3 a5 52. Ke4 c4 53. bxc4 bxc4 54. Kd4 Ba3 55. Kxc4 Be7 56. Kd5 a4 57. Kc6 a3 58. Kd7 1-0


[Site "https://www.chess.com"]

[Event "Titled Tuesday Blitz November 29 Early 2022"]
[White "Gurevich, Dmitry"]
[Black "Arbunic Castro, Giovanna"]
[WhiteFideId "2000407"]
[BlackFideId "3400549"]
[WhiteElo "2506"]
[BlackElo "1938"]
[Result "1-0"]
[Round "02"]
[TimeControl "180+1"]
[Date "2022.11.30"]
[WhiteClock "0:00:55"]
[BlackClock "0:00:04"]

1. d4 Nf6 2. c4 g6 3. Nc3 Bg7 4. e4 d6 5. Nf3 O-O 6. Be2 e5 7. O-O Nbd7 8. Be3 Ng4 9. Bg5 f6 10. Bd2 a6 11. Qc2 exd4 12. Nxd4 Nc5 13. b4 f5 14. bxc5 Bxd4 15. cxd6 cxd6 16. Rad1 Qb6 17. Be1 Be6 18. h3 Ne5 19. Na4 Qc6 20. Rxd4 fxe4 21. Nc3 Bf5 22. Nd5 Rae8 23. Ne3 Qb6 24. Qd2 Nd3 25. Rd5 Be6 26. Bxd3 Bxd5 27. Nxd5 Qd4 28. Be2 Qe5 29. Qe3 b5 30. Bc3 Qf5 31. Bg4 1-0


[Site "https://www.chess.com"]

[Event "Titled Tuesday Blitz November 29 Early 2022"]
[White "Han, Yichen"]
[Black "Deac, Bogdan-Daniel"]
[WhiteFideId "1054430"]
[BlackFideId "1226380"]
[WhiteElo "2323"]
[BlackElo "2648"]
[Result "1/2-1/2"]
[Round "02"]
[TimeControl "180+1"]
[Date "2022.11.30"]
[WhiteClock "0:00:06"]
[BlackClock "0:00:08"]

1. e4 c5 2. Nc3 a6 3. a4 e6 4. g3 d5 5. exd5 exd5 6. d4 Be6 7. Nge2 Nc6 8. Bg2 Nf6 9. O-O Be7 10. Be3 c4 11. Nf4 O-O 12. Re1 Bb4 13. Nxe6 fxe6 14. Bg5 Qd7 15. Re2 h6 16. Bf4 Rae8 17. Na2 Bd6 18. Bxd6 Qxd6 19. c3 b5 20. Qc2 e5 21. dxe5 Nxe5 22. Rae1 Nd3 23. Rxe8 Nxe8 24. Rf1 Nf6 25. Nc1 Nc5 26. axb5 axb5 27. Ne2 Nce4 28. Nf4 g5 29. Ne2 Qb6 30. Nd4 Kg7 31. Nf5+ Kg6 32. Ne7+ Kg7 33. Nxd5 Nxd5 34. Qxe4 Nf6 35. Qf5 Re8 36. Rd1 b4 37. Qf3 bxc3 38. Qxc3 Qe6 39. Ra1 Qe5 40. h3 Qxc3 41. bxc3 Re2 42. Ra4 Re1+ 43. Kh2 Re2 44. Kg1 Re1+ 45. Kh2 Re2 46. Rxc4 Rxf2 47. Kg1 Rc2 48. Rc7+ Kg6 49. c4 Rc1+ 50. Kh2 Rc2 51. g4 h5 52. Kg3 Rc3+ 53. Kf2 hxg4 54. hxg4 Nxg4+ 55. Ke2 Rc2+ 56. Kf3 Ne5+ 57. Kg3 Rc3+ 58. Kf2 g4 59. Be4+ Kg5 60. Bd5 Kf4 61. Rg7 Rc2+ 62. Ke1 Nxc4 63. Rc7 Ne3 64. Rxc2 Nxc2+ 65. Kf2 Ne3 66. Ba8 Nf5 67. Kg1 Nd6 68. Bc6 Nc4 69. Ba8 Ne5 70. Bh1 Nf3+ 71. Kf2 g3+ 72. Kf1 Kg4 73. Bg2 Kf4 74. Bh3 Nh2+ 75. Kg1 Nf3+ 76. Kf1 Nh4 77. Kg1 Kf3 78. Bf1 Kg4 79. Bg2 Kf4 80. Bb7 Nf3+ 81. Bxf3 Kxf3 82. Kf1 Kg4 83. Kg2 Kh4 84. Kg1 Kh3 85. Kh1 g2+ 86. Kg1 Kg3 1/2-1/2


[Site "https://www.chess.com"]

[Event "Titled Tuesday Blitz November 29 Early 2022"]
[White "Handjaba, Mclean"]
[Black "Szpar, Milosz"]
[WhiteFideId "15200515"]
[BlackFideId "1184989"]
[WhiteElo "1691"]
[BlackElo "2422"]
[Result "0-1"]
[Round "02"]
[TimeControl "180+1"]
[Date "2022.11.30"]
[WhiteClock "0:01:42"]
[BlackClock "0:01:44"]

1. e4 c5 2. Nf3 g6 3. c4 Nc6 4. d4 cxd4 5. Nxd4 Nf6 6. Nc3 d6 7. Be2 Bg7 8. O-O O-O 9. f3 Nxe4 10. Nxc6 Nxc3 11. Nxd8 Nxd1 12. Nxb7 Nxb2 13. Rb1 Na4 14. Na5 Nc3 15. Rb2 Be6 16. Rc2 Bf5 17. Rb2 Rab8 18. Rxb8 Rxb8 19. Bd1 Rb1 0-1


[Site "https://www.chess.com"]

[Event "Titled Tuesday Blitz November 29 Early 2022"]
[White "Hartikainen, Jarmo"]
[Black "Winterberg, Lukas"]
[WhiteFideId "503134"]
[BlackFideId "24622702"]
[WhiteElo "2209"]
[BlackElo "2349"]
[Result "1-0"]
[Round "02"]
[TimeControl "180+1"]
[Date "2022.11.30"]
[WhiteClock "0:02:48"]
[BlackClock "0:02:11"]

1. e4 c5 2. c3 Nf6 3. e5 Nd5 4. d4 cxd4 5. Nf3 d6 6. cxd4 Nc6 7. Nc3 Nxc3 8. bxc3 dxe5 9. d5 Na5 10. Bb5+ Bd7 11. Qa4 e4 12. Ne5 e6 1-0


[Site "https://www.chess.com"]

[Event "Titled Tuesday Blitz November 29 Early 2022"]
[White "Havas, Ladislav"]
[Black "Malek, Jan"]
[WhiteFideId "14501090"]
[BlackFideId "21864080"]
[WhiteElo "2199"]
[BlackElo "2255"]
[Result "0-1"]
[Round "02"]
[TimeControl "180+1"]
[Date "2022.11.30"]
[WhiteClock "0:00:23"]
[BlackClock "0:00:15"]

1. d4 Nf6 2. Bg5 c5 3. d5 Qb6 4. Nc3 Qxb2 5. Bd2 Qb6 6. e4 d6 7. f4 g6 8. Nf3 Bg7 9. Rb1 Qd8 10. Bb5+ Nfd7 11. O-O O-O 12. a4 Na6 13. Qe1 Nb4 14. Rc1 a6 15. Bc4 Qc7 16. h3 Nb6 17. Be2 c4 18. Kh1 f5 19. Qh4 fxe4 20. Ng5 h6 21. Ngxe4 N4xd5 22. a5 Nxc3 23. Nxc3 Nd7 24. Nd5 Qc5 25. Nxe7+ Kf7 26. f5 Bf6 27. fxg6+ Kxe7 28. Qxh6 Rh8 29. g7 Rxh6 30. g8=Q Rh8 31. Qg6 Qd4 32. Rxf6 Nxf6 33. Qg7+ Ke6 34. Bg4+ Kd5 35. Qxh8 Bxg4 36. Qxa8 Qxd2 37. Qxb7+ Ke5 38. Rf1 Be6 39. Qf3 Ne4 40. Kh2 Qg5 41. Re1 d5 42. Qc3+ d4 43. Qf3 Qf4+ 44. Qxf4+ Kxf4 45. Rf1+ Ke5 46. h4 d3 47. cxd3 cxd3 48. h5 d2 49. h6 Nf6 50. Rd1 Ng4+ 51. Kg3 Nxh6 52. Rxd2 Nf5+ 53. Kf2 Nd4 54. Rb2 Nb3 55. Re2+ Kd6 56. g3 Nxa5 57. Rd2+ Kc5 58. g4 Bxg4 59. Ra2 Kb6 60. Kg3 Be6 61. Rb2+ Bb3 62. Kf2 Kb5 63. Ke1 Kb4 64. Ke2 Nc4 65. Rb1 a5 66. Ra1 a4 67. Rxa4+ Bxa4 68. Kd3 Kc5 69. Kc3 Ne5 70. Kb2 Kd4 71. Ka3 Bc6 72. Kb2 Nd3+ 73. Ka1 Kc3 74. Kb1 Kb3 75. Ka1 Be4 76. Kb1 Kc3 77. Ka1 Bd5 78. Kb1 Nb4 79. Ka1 Nc2+ 80. Kb1 Bc4 81. Kc1 Ba2 82. Kd1 Nd4 83. Kc1 Ne2+ 84. Kd1 Kd3 85. Ke1 Ke3 86. Kd1 Bb3+ 87. Ke1 Nd4 88. Kf1 Ne2 89. Ke1 Bc2 90. Kf1 Nd4 91. Ke1 Nf3+ 92. Kf1 Nh4 93. Ke1 Ng2+ 94. Kf1 Kf3 95. Kg1 Kg3 96. Kf1 Bd3+ 97. Kg1 Nf4 98. Kh1 Be2 99. Kg1 Nh3+ 100. Kh1 Bf3# 0-1


[Site "https://www.chess.com"]

[Event "Titled Tuesday Blitz November 29 Early 2022"]
[White "Herman, Daniel"]
[Black "Mitrovic, Darko R"]
[WhiteFideId "30935008"]
[BlackFideId "927023"]
[WhiteElo "1897"]
[BlackElo "2150"]
[Result "0-1"]
[Round "02"]
[TimeControl "180+1"]
[Date "2022.11.30"]
[WhiteClock "0:00:04"]
[BlackClock "0:00:12"]

1. c4 e5 2. Nc3 f5 3. d4 exd4 4. Qxd4 Nc6 5. Qd2 Nf6 6. Nf3 Bb4 7. e3 Ne4 8. Qc2 Bxc3+ 9. bxc3 d6 10. Bd3 Qe7 11. Nd4 O-O 12. O-O Bd7 13. f3 Nc5 14. Bxf5 Bxf5 15. Nxf5 Qe6 16. e4 Qxc4 17. Ne3 Qf7 18. c4 Ne5 19. Bb2 b6 20. Rad1 Rae8 21. Bd4 Ne6 22. Bxe5 dxe5 23. Rd5 Nd4 24. Qb2 c6 25. Rd6 Qe7 26. c5 bxc5 27. Nc4 Rb8 28. Qd2 Rb4 29. Rxd4 exd4 30. Rc1 Rfb8 31. h3 h6 32. Kh2 Rb1 33. Rxb1 Rxb1 34. e5 Rb4 35. Qd3 Qe6 36. Nd2 Qxe5+ 37. g3 Qe3 38. Qc2 Qc3 39. Qxc3 dxc3 40. Nb3 Rxb3 41. axb3 c2 0-1


[Site "https://www.chess.com"]

[Event "Titled Tuesday Blitz November 29 Early 2022"]
[White "Hovhannisyan, Robert"]
[Black "Bai, Adelard"]
[WhiteFideId "13302507"]
[BlackFideId "16301188"]
[WhiteElo "2570"]
[BlackElo "2299"]
[Result "1-0"]
[Round "02"]
[TimeControl "180+1"]
[Date "2022.11.30"]
[WhiteClock "0:00:44"]
[BlackClock "0:00:09"]

1. d4 d5 2. Nf3 Nf6 3. Bf4 c5 4. e3 e6 5. Nbd2 Bd6 6. Bxd6 Qxd6 7. dxc5 Qxc5 8. c4 O-O 9. Rc1 Qb4 10. Qb3 Qxb3 11. Nxb3 Nc6 12. cxd5 Nxd5 13. Bc4 Nb6 14. O-O Nxc4 15. Rxc4 Rd8 16. Nfd4 Bd7 17. Rfc1 Nxd4 18. Nxd4 Rac8 19. f4 Rxc4 20. Rxc4 Rc8 21. Rxc8+ Bxc8 22. e4 a6 23. e5 Kf8 24. Kf2 Ke7 25. Ke3 Kd7 26. b4 b5 27. Nb3 Kc6 28. Kd4 f5 29. Nc5 Kc7 30. g3 h5 31. Nb3 Kc6 32. a3 g6 33. Nd2 Bd7 34. Nf3 Kb6 35. Ng5 Kc6 36. Nh3 Kb6 37. Nf2 Kc6 38. Nd1 Kb6 39. Nc3 Kc6 40. Ke3 Bc8 41. Kf2 Kd7 42. Ne2 Kc6 43. Nc3 Kd7 44. Kg2 Bb7+ 45. Kh3 Ke7 46. Kh4 Kf7 47. Kg5 Kg7 48. Ne2 Bc8 49. Nd4 Bd7 50. Nb3 Kf7 51. Nc5 Bc8 52. Kh6 h4 53. gxh4 1-0


[Site "https://www.chess.com"]

[Event "Titled Tuesday Blitz November 29 Early 2022"]
[White "Hrabinska, Myroslava"]
[Black "Hnydiuk, Aleksander"]
[WhiteFideId "14109190"]
[BlackFideId "1109057"]
[WhiteElo "2171"]
[BlackElo "2374"]
[Result "0-1"]
[Round "02"]
[TimeControl "180+1"]
[Date "2022.11.30"]
[WhiteClock "0:00:10"]
[BlackClock "0:01:19"]

1. e4 e5 2. Nf3 Nc6 3. d4 exd4 4. Nxd4 Bc5 5. Be3 Qf6 6. c3 Nge7 7. Bc4 Ne5 8. Be2 d5 9. f4 Ng4 10. Bxg4 Qh4+ 11. g3 Qxg4 12. Nd2 O-O 13. O-O Qxd1 14. Raxd1 Bg4 15. Rde1 dxe4 16. Nxe4 Bb6 17. Kg2 Rfe8 18. h3 Bd7 19. g4 c5 20. Nb3 Bc6 21. Bxc5 Ng6 22. Kf3 Bc7 23. Nd4 Bd5 24. f5 Nh4+ 25. Kf2 Bxe4 0-1


[Site "https://www.chess.com"]

[Event "Titled Tuesday Blitz November 29 Early 2022"]
[White "Hristodoulou, Panagiotis"]
[Black "Mihailidis, Anastasios"]
[WhiteFideId "4214340"]
[BlackFideId "4205588"]
[WhiteElo "2272"]
[BlackElo "2312"]
[Result "1-0"]
[Round "02"]
[TimeControl "180+1"]
[Date "2022.11.30"]
[WhiteClock "0:01:27"]
[BlackClock "0:00:22"]

1. e4 c5 2. Nf3 d6 3. d4 cxd4 4. Nxd4 Nf6 5. Nc3 g6 6. Be2 Bg7 7. Be3 O-O 8. O-O Nc6 9. Qd2 Ng4 10. Bxg4 Bxg4 11. Nxc6 bxc6 12. Bh6 Qb6 13. Bxg7 Kxg7 14. b3 Rad8 15. h3 Bc8 16. Rad1 Ba6 17. Rfe1 Bb7 18. Na4 Qc7 19. c4 c5 20. Nc3 Qa5 21. f4 Qc7 22. Re3 e5 23. f5 Rd7 24. Rd3 Rfd8 25. f6+ Kh8 26. Qh6 Rg8 27. Nb5 Qc6 28. Nxd6 Rxd6 29. Rxd6 Qxe4 30. R1d2 Bc6 31. Qg7+ Rxg7 32. Rd8+ Rg8 33. Rxg8+ Kxg8 34. Rd8+ Be8 35. Rxe8# 1-0


[Site "https://www.chess.com"]

[Event "Titled Tuesday Blitz November 29 Early 2022"]
[White "Ibarra Jerez, Jose Carlos"]
[Black "Guzman, Christopher"]
[WhiteFideId "2226332"]
[BlackFideId "6405096"]
[WhiteElo "2638"]
[BlackElo "2272"]
[Result "1-0"]
[Round "02"]
[TimeControl "180+1"]
[Date "2022.11.30"]
[WhiteClock "0:01:10"]
[BlackClock "0:01:23"]

1. e4 c6 2. Nf3 d5 3. d3 dxe4 4. dxe4 Qxd1+ 5. Kxd1 g6 6. Ne5 Be6 7. Be3 Bg7 8. Nd3 Nf6 9. f3 Nbd7 10. c3 O-O 11. Nf4 Ne5 12. Nxe6 fxe6 13. Kc2 Rfd8 14. Nd2 Rd7 15. Nb3 Kf7 16. a4 b6 17. a5 Rb8 18. Be2 h5 19. h3 c5 20. Bb5 Rc7 21. Bf4 Ne8 22. axb6 axb6 23. Bxe8+ Kxe8 24. Nd2 b5 25. Ra6 Kf7 26. Rha1 Rbb7 27. Ra8 c4 28. Rd8 Rd7 29. Rxd7 Nxd7 30. Ra5 Nc5 31. Nxc4 Nxe4 32. fxe4 bxc4 33. Rc5 1-0


[Site "https://www.chess.com"]

[Event "Titled Tuesday Blitz November 29 Early 2022"]
[White "Ilkhomi, Jaloliddin"]
[Black "Petrova, Irina"]
[WhiteFideId "14700948"]
[BlackFideId "14124122"]
[WhiteElo "2045"]
[BlackElo "2023"]
[Result "1-0"]
[Round "02"]
[TimeControl "180+1"]
[Date "2022.11.30"]
[WhiteClock "0:00:20"]
[BlackClock "0:00:43"]

1. d4 d6 2. Nf3 g6 3. c3 Bg7 4. Bg5 Nf6 5. Nbd2 O-O 6. e4 Nc6 7. Bd3 e5 8. dxe5 Nxe5 9. Nxe5 dxe5 10. Qe2 h6 11. Bh4 c6 12. O-O Be6 13. Rfd1 Qc7 14. Bc4 Rfe8 15. Bxe6 Rxe6 16. f3 Nh5 17. Qe3 Nf4 18. Nc4 Bf8 19. Bg3 g5 20. b4 b5 21. Nb2 c5 22. Nd3 c4 23. Nf2 a5 24. a3 axb4 25. axb4 Rea6 26. Rxa6 Rxa6 27. Bxf4 exf4 28. Qe2 Qa7 29. h4 Ra2 30. Rd2 Ra1+ 31. Kh2 Qe3 32. Ng4 Qxc3 33. e5 Qc1 34. Nf2 g4 35. Rd1 g3+ 36. Kh3 Qa3 37. Ng4 Be7 38. Nxh6+ Kf8 39. Nf5 Qa8 40. Rxa1 Qxa1 41. Qe4 Qh1+ 42. Kg4 Qxg2 43. Qa8+ 1-0


[Site "https://www.chess.com"]

[Event "Titled Tuesday Blitz November 29 Early 2022"]
[White "Ince, Taylan Ruzgar"]
[Black "Durarbayli, Vasif"]
[WhiteFideId "44513089"]
[BlackFideId "13402935"]
[WhiteElo "2147"]
[BlackElo "2586"]
[Result "1-0"]
[Round "02"]
[TimeControl "180+1"]
[Date "2022.11.30"]
[WhiteClock "0:00:23"]
[BlackClock "0:00:08"]

1. Nf3 d5 2. d4 Nf6 3. g3 Bf5 4. Bg2 e6 5. O-O Be7 6. c4 c6 7. b3 O-O 8. Bb2 Nbd7 9. Nc3 Ne4 10. Nd2 Ndf6 11. Ndxe4 Nxe4 12. Nxe4 Bxe4 13. Bxe4 dxe4 14. Qc2 f5 15. f3 Bf6 16. Rad1 exf3 17. Rxf3 Qa5 18. Bc3 Qc7 19. e4 fxe4 20. Qxe4 Rae8 21. Re1 Qd7 22. Rd3 Qd6 23. Kg2 Re7 24. Qg4 Rd8 25. Rde3 Rde8 26. Re4 b6 27. Rf1 Rf7 28. Rfe1 Rfe7 29. Rf1 Kh8 30. Rfe1 a5 31. Qh5 Qd7 32. a4 c5 33. Rd1 Rd8 34. Ba1 Qb7 35. Qf3 Red7 36. Rxe6 Qxf3+ 37. Kxf3 cxd4 38. Rxb6 Kg8 39. Rd3 Re8 40. Rb5 Rf7 41. Kg2 Re2+ 42. Kh3 Rfe7 43. Bxd4 Bxd4 44. Rxd4 Rb2 45. Rb8+ Kf7 46. Rf4+ Kg6 47. Rg4+ Kh6 48. Rb5 g6 49. Rh4+ Kg7 50. Rd4 Ree2 51. Rb7+ Kh6 52. Rh4+ Kg5 53. Rb5+ Kf6 54. Rf4+ Kg7 55. Kg4 Kh6 56. h4 Re3 57. Rb7 Rg2 58. Rf3 Rxf3 59. Kxf3 Rb2 60. Rb5 Rc2 61. Kg4 Rc3 62. Rb6 Kg7 63. Kf4 h5 64. g4 hxg4 65. Kxg4 Kf7 66. h5 gxh5+ 67. Kxh5 Ke7 68. Rb5 Kd6 69. Kg5 Kc6 70. Kf4 Rh3 71. Ke4 Rc3 72. Kd4 Rh3 73. Rc5+ Kd6 74. Rb5 Kc6 75. c5 Rh4+ 76. Kc3 Rh3+ 77. Kb2 Rh2+ 78. Ka3 Rh1 79. Rxa5 Ra1+ 80. Kb4 Rh1 81. Rb5 Rh4+ 82. Ka3 Rh1 83. Ra5 Rh4 84. b4 Rh3+ 85. Kb2 Kd5 86. c6+ Kxc6 87. Rc5+ Kb6 88. Rc3 Rh1 89. Kb3 Rh6 90. a5+ Kb5 91. Rc5+ Ka6 92. Ka4 Rh1 93. Rc6+ Kb7 94. Rg6 Rh5 95. a6+ Ka7 96. b5 Rh1 97. Rg7+ Kb6 98. Rb7+ Kc5 99. a7 Ra1+ 100. Kb3 1-0


[Site "https://www.chess.com"]

[Event "Titled Tuesday Blitz November 29 Early 2022"]
[White "Indjic, Aleksandar"]
[Black "Grave, Jacob Templen"]
[WhiteFideId "911925"]
[BlackFideId "1542656"]
[WhiteElo "2592"]
[BlackElo "2126"]
[Result "1-0"]
[Round "02"]
[TimeControl "180+1"]
[Date "2022.11.30"]
[WhiteClock "0:01:15"]
[BlackClock "0:00:03"]

1. e4 c6 2. d4 d5 3. exd5 cxd5 4. Bd3 Nc6 5. c3 Nf6 6. Bf4 Bg4 7. Qb3 Qd7 8. Nd2 e6 9. Ngf3 Bd6 10. Bg3 O-O 11. O-O Bxg3 12. hxg3 Bh5 13. Rae1 Bg6 14. Bxg6 hxg6 15. Ne5 Qc7 16. f4 Rab8 17. Qb5 a6 18. Qe2 b5 19. Rc1 Rfe8 20. g4 Qd6 21. g5 Nd7 22. a3 a5 23. b4 axb4 24. axb4 Rec8 25. Kf2 Nb6 26. Rh1 Nc4 27. Nb3 Kf8 28. Rh7 Nxb4 29. cxb4 Nxe5 30. Qxe5 Qxe5 31. fxe5 Rxc1 32. Nxc1 Ke7 33. Nd3 Rc8 34. Ke3 Ra8 35. Nf4 Ra3+ 36. Nd3 Ra8 37. g3 Rc8 38. g4 Ra8 39. Rh1 Ra3 40. Rc1 Kd7 41. Rc5 1-0


[Site "https://www.chess.com"]

[Event "Titled Tuesday Blitz November 29 Early 2022"]
[White "Ismayil, Malak"]
[Black "Figorito, Nick"]
[WhiteFideId "13412604"]
[BlackFideId "30923689"]
[WhiteElo "1879"]
[BlackElo "2374"]
[Result "1-0"]
[Round "02"]
[TimeControl "180+1"]
[Date "2022.11.30"]
[WhiteClock "0:00:52"]
[BlackClock "0:01:05"]

1. e4 e6 2. d4 d5 3. Nd2 Nf6 4. e5 Nfd7 5. Bd3 c5 6. c3 Nc6 7. Ne2 cxd4 8. cxd4 f6 9. exf6 Nxf6 10. Nf3 Bd6 11. O-O Qc7 12. Bg5 O-O 13. Qc2 Nb4 14. Qxc7 Bxc7 15. Bb1 Bd7 16. a3 Bb5 17. Re1 Nd3 18. Bxd3 Bxd3 19. Nc3 Ne4 20. Nxe4 Bxe4 21. Nd2 Bf5 22. f3 h6 23. Be3 Rac8 24. Rac1 Bb6 25. g4 Bg6 26. Bf2 Kf7 27. Kg2 Bd3 28. Nb3 Bc4 29. Nc5 Bxc5 30. dxc5 Rfe8 31. f4 Bd3 32. Bd4 Be4+ 33. Kg3 g6 34. b4 a6 35. Be5 h5 36. gxh5 gxh5 37. Kh4 Rg8 38. Rg1 Bf3 39. Rcf1 Rxg1 40. Rxg1 Rg8 41. Rxg8 Kxg8 42. Kg5 Kf7 43. a4 Bd1 44. b5 Bxa4 45. c6 bxc6 46. b6 1-0


[Site "https://www.chess.com"]

[Event "Titled Tuesday Blitz November 29 Early 2022"]
[White "Ivic, Velimir"]
[Black "Ezat, Mohamed"]
[WhiteFideId "950122"]
[BlackFideId "10600906"]
[WhiteElo "2625"]
[BlackElo "2386"]
[Result "1-0"]
[Round "02"]
[TimeControl "180+1"]
[Date "2022.11.30"]
[WhiteClock "0:00:43"]
[BlackClock "0:00:15"]

1. e4 c6 2. d4 d5 3. e5 Bf5 4. h4 h5 5. Bd3 Bxd3 6. Qxd3 e6 7. Bg5 Qb6 8. Nd2 c5 9. c4 dxc4 10. Nxc4 Qc6 11. Nf3 Na6 12. O-O Nb4 13. Qe2 Nd5 14. Rac1 b5 15. Ncd2 c4 16. a4 a6 17. Ne4 Be7 18. Bxe7 Ngxe7 19. Nd6+ Kf8 20. Ng5 Nf4 21. Qf3 Qxf3 22. gxf3 Ne2+ 23. Kh2 Nxc1 24. Rxc1 Nf5 25. Nxf5 exf5 26. d5 Ke7 27. d6+ Ke8 28. f4 Rh6 29. Nf3 Kd7 30. Nd4 Rg6 31. f3 Rb8 32. axb5 axb5 33. Ra1 Rb7 34. b3 cxb3 35. Nxb3 b4 36. Nc5+ Kc6 37. Nxb7 Kxb7 38. Rb1 Kc6 39. Rxb4 f6 40. Rc4+ Kd7 41. Rc7+ Ke6 42. Re7+ Kd5 43. d7 1-0


[Site "https://www.chess.com"]

[Event "Titled Tuesday Blitz November 29 Early 2022"]
[White "Izuzquiza Gonzalez, Javier"]
[Black "Sukandar, Irine Kharisma"]
[WhiteFideId "3101029"]
[BlackFideId "7101937"]
[WhiteElo "2034"]
[BlackElo "2301"]
[Result "0-1"]
[Round "02"]
[TimeControl "180+1"]
[Date "2022.11.30"]
[WhiteClock "0:00:20"]
[BlackClock "0:00:28"]

1. d4 Nf6 2. c4 c5 3. d5 b5 4. Nf3 g6 5. cxb5 a6 6. b6 Bg7 7. Nc3 d6 8. a4 Qxb6 9. e4 O-O 10. Nd2 a5 11. Bb5 Na6 12. Nc4 Qc7 13. O-O Nb4 14. Bg5 Bd7 15. Qd2 Rfb8 16. Rfc1 Ng4 17. Bxe7 Bxb5 18. Bxd6 Qd8 19. axb5 Bd4 20. Bg3 Rb7 21. h3 Nf6 22. b6 Bxc3 23. bxc3 Nxe4 24. Qh6 Nxg3 25. fxg3 Nxd5 26. Rxa5 Rxa5 27. Nxa5 Rxb6 28. Nc4 Rb7 29. Rd1 Rd7 30. Ne5 Rd6 31. c4 Nc3 32. Rxd6 Qxd6 33. Ng4 Ne2+ 34. Kh2 Qxg3+ 35. Kh1 Qe1+ 36. Kh2 Qg1# 0-1


[Site "https://www.chess.com"]

[Event "Titled Tuesday Blitz November 29 Early 2022"]
[White "Jain, Naveen"]
[Black "Vysochin, Spartak"]
[WhiteFideId "5003970"]
[BlackFideId "14103516"]
[WhiteElo "2036"]
[BlackElo "2412"]
[Result "1-0"]
[Round "02"]
[TimeControl "180+1"]
[Date "2022.11.30"]
[WhiteClock "0:00:10"]
[BlackClock "0:00:01"]

1. c4 c6 2. g3 d5 3. Bg2 Nf6 4. Nf3 Bf5 5. Qb3 Qb6 6. O-O e6 7. d4 Nbd7 8. Nc3 Be7 9. Bf4 dxc4 10. Qxc4 O-O 11. Nh4 Bg6 12. Nxg6 hxg6 13. e4 Rac8 14. a4 Rfd8 15. a5 Qb4 16. Ra4 Qxc4 17. Rxc4 a6 18. Rc1 Kf8 19. e5 Nd5 20. Nxd5 exd5 21. Bxd5 g5 22. Be3 f6 23. Be6 Rc7 24. exf6 Bxf6 25. d5 Ne5 26. R4c2 Nd3 27. Bb6 Nxc1 28. Bxc7 Re8 29. Rxc1 cxd5 30. Bxd5 Bxb2 31. Rb1 Bc3 32. Bxb7 Re7 33. Bd6 Kf7 34. Bxe7 Kxe7 35. Bxa6 Bxa5 36. Be2 Kf6 37. Kg2 Bc7 38. h3 Be5 39. g4 Bf4 40. Rb5 1-0


[Site "https://www.chess.com"]

[Event "Titled Tuesday Blitz November 29 Early 2022"]
[White "Janaszak, Dawid"]
[Black "Plat, Vojtech"]
[WhiteFideId "1119206"]
[BlackFideId "325740"]
[WhiteElo "2226"]
[BlackElo "2514"]
[Result "1-0"]
[Round "02"]
[TimeControl "180+1"]
[Date "2022.11.30"]
[WhiteClock "0:00:35"]
[BlackClock "0:00:40"]

1. e4 d6 2. Nc3 Nf6 3. d4 e5 4. Nge2 exd4 5. Nxd4 Be7 6. g3 O-O 7. Bg2 a5 8. O-O Re8 9. h3 Na6 10. g4 Bf8 11. g5 Nd7 12. f4 Nac5 13. Nf5 Nb6 14. h4 c6 15. Ng3 g6 16. h5 Bg7 17. hxg6 hxg6 18. f5 Be5 19. Qg4 d5 20. Qh4 dxe4 21. f6 Qd6 22. Ngxe4 Nxe4 23. Nxe4 Qf8 24. Be3 Na4 25. Kf2 Bg4 26. Qxg4 Bxb2 27. Rh1 Re5 28. Qh4 Rf5+ 29. Bf3 1-0


[Site "https://www.chess.com"]

[Event "Titled Tuesday Blitz November 29 Early 2022"]
[White "Kashtanov, Ruslan"]
[Black "Vakhlamov, Igor L."]
[WhiteFideId "4124871"]
[BlackFideId "24126748"]
[WhiteElo "2276"]
[BlackElo "2401"]
[Result "0-1"]
[Round "02"]
[TimeControl "180+1"]
[Date "2022.11.30"]
[WhiteClock "0:00:13"]
[BlackClock "0:00:19"]

1. d4 d5 2. c4 e6 3. g3 Nf6 4. Bg2 c5 5. cxd5 Nxd5 6. Nf3 Nc6 7. O-O Be7 8. dxc5 Bxc5 9. a3 a5 10. e4 Nf6 11. Qe2 O-O 12. Rd1 Qe7 13. Nc3 Ng4 14. Rf1 Bd7 15. e5 f6 16. exf6 Nxf6 17. Bf4 Rae8 18. Rae1 Kh8 19. Qc4 b6 20. Re2 Qf7 21. Ng5 Qg8 22. Rfe1 Nd4 23. Rd2 h6 24. Nge4 Nxe4 25. Nxe4 e5 26. Be3 Qxc4 0-1


[Site "https://www.chess.com"]

[Event "Titled Tuesday Blitz November 29 Early 2022"]
[White "Kezin, Roman"]
[Black "Baches Garcia, Guillermo"]
[WhiteFideId "24124621"]
[BlackFideId "2209764"]
[WhiteElo "2501"]
[BlackElo "2465"]
[Result "1-0"]
[Round "02"]
[TimeControl "180+1"]
[Date "2022.11.30"]
[WhiteClock "0:00:03"]
[BlackClock "0:00:13"]

1. d4 Nf6 2. c4 e6 3. Nc3 d5 4. Nf3 c5 5. e3 a6 6. a3 dxc4 7. Bxc4 b5 8. Ba2 Bb7 9. O-O Nbd7 10. Qe2 Qb6 11. Rd1 Be7 12. e4 cxd4 13. Nxd4 O-O 14. e5 Bc5 15. exf6 Bxd4 16. fxg7 Rfd8 17. Bg5 Nf6 18. Rxd4 Qxd4 19. Rd1 Qc5 20. Bxf6 Rxd1+ 21. Qxd1 Qf5 22. Qd4 e5 23. Qxe5 Qg4 24. Bd5 Bxd5 25. Qxd5 Re8 26. g3 Qg6 27. Qf3 h5 28. Nd5 h4 29. Ne7+ Rxe7 30. Bxe7 h3 31. Qa8+ Kxg7 32. f3 Qc2 33. Bf8+ Kh7 34. f4 Qe2 35. Bb4 Qe3+ 36. Kf1 Qd3+ 37. Kf2 Qc2+ 38. Ke3 Qb3+ 39. Kd4 Qd1+ 40. Kc5 Qc2+ 41. Kb6 Qg2 42. Qe8 Qb7+ 43. Kxb7 Kg6 44. Qg8+ Kh5 45. Bc3 f5 46. Qg5# 1-0


[Site "https://www.chess.com"]